[Event "*** Titled Tuesday Blitz"]
[Site "Chess.com"]
[Date "2020.03.03"]
[Round "6"]
[White "Gordima"]
[Black "Shield12"]
[Result "1-0"]
[WhiteElo "2773"]
[BlackElo "2888"]
[TimeControl "180+1"]
[EndTime "10:00:07 PST"]
[Termination "Gordima won by resignation"]

1. d4 d5 2. c4 e6 3. Nc3 Bb4 4. cxd5 exd5 5. a3 Bxc3+ 6. bxc3 Ne7 7. e3 O-O 8. Bd3 Bf5 9. Ne2 Bxd3 10. Qxd3 c5 11.
O-O Nbc6 12. Bb2 cxd4 13. cxd4 Qd7 14. Bc3 Rfe8 15. Rab1 Rac8 16. a4 b6 17. Rb5 Rc7 18. Rfb1 Rec8 19. Be1 h6 20. h3 Ng6 21. Bd2 Nce7 22.
a5 bxa5 23. Bxa5 Rc2 24. Nc3 Qf5 25. Qxf5 Nxf5 26. Nxd5 Ra2 27. Nb4 1-0

[Event "*** Titled Tuesday Blitz"]
[Site "Chess.com"]
[Date "2020.03.03"]
[Round "6"]
[White "Redbandit87"]
[Black "monstertube"]
[Result "1-0"]
[WhiteElo "2418"]
[BlackElo "2109"]
[TimeControl "180+1"]
[EndTime "10:00:14 PST"]
[Termination "Redbandit87 won on time"]

1. d4 d5 2. Bf4 Nf6 3. e3 c5 4. c3 Nc6 5. Nd2 h6 6. Ngf3 Bg4 7. Bd3 e6 8. h3 Bxf3 9. Qxf3 Bd6 10. O-O Bxf4 11. Qxf4 cxd4 12. exd4 O-O 13. Nf3 Nd7 14. Rfe1 a6 15. a4 Rb8 16. b4 Qf6 17.
Qc7 Qd8 18. Qg3 Qf6 19. Re3 Rfe8 20. Rae1 1-0

[Event "*** Titled Tuesday Blitz"]
[Site "Chess.com"]
[Date "2020.03.03"]
[Round "6"]
[White "northridgehawk"]
[Black "NiranjanNavalgund"]
[Result "1-0"]
[WhiteElo "2216"]
[BlackElo "2401"]
[TimeControl "180+1"]
[EndTime "10:00:18 PST"]
[Termination "northridgehawk won by resignation"]

1. e4 Nc6 2. d4 e5 3. d5 Nce7 4.
Nf3 Ng6 5. c4 Nf6 6. Nc3 Bc5 7.
Be2 a6 8. O-O O-O 9. a3 d6 10. b4 Ba7 11. Ne1 Nf4 12. Nd3 Nxe2+ 13. Qxe2 Bg4 14. Qe1 Bd4 15. h3 Bd7 16. Be3 Nh5 17.
Bxd4 exd4 18. Ne2 Qf6 19. g4 Qf3 20. Rd1 Qxh3 21. gxh5 Bg4 22. Nef4 Qh4 23. f3 Qg5 24.
fxg4 Qxg4+ 25. Ng2 Qxh5 26. Qg3 f5 27. Ndf4 Qh6 28.
exf5 Rxf5 29. Ne6 Re5 30. Rxd4 c5 31. Rdf4 Rxe6 32. dxe6 Qxe6 33. bxc5 dxc5 34. Rg4 h6 35. Rxg7+ Kh8 36. Rff7 Qe4 37. Qf4 Qd4+ 38. Qxd4 cxd4 39. Nf4 1-0

[Event "*** Titled Tuesday Blitz"]
[Site "Chess.com"]
[Date "2020.03.03"]
[Round "6"]
[White "Sankalp_Gupta2003"]
[Black "Fandorine"]
[Result "1/2-1/2"]
[WhiteElo "2850"]
[BlackElo "2909"]
[TimeControl "180+1"]
[EndTime "10:00:19 PST"]
[Termination "Game drawn by agreement"]

1. c4 e5 2. Nc3 Nc6 3. Nf3 Nf6 4.
d4 exd4 5. Nxd4 g6 6. e4 d6 7.
f3 Bg7 8. Be3 O-O 9. Be2 Nh5 10. O-O Nf4 11. Nxc6 Nxe2+ 12. Nxe2 bxc6 13. Bd4 Bh6 14. b3 f5 15. Ng3 Be6 16. Bb2 Qd7 17. exf5 Bxf5 18. Nxf5 Rxf5 19. Re1 Raf8 20. Re2 Bg7 21.
Qc2 Bxb2 22. Qxb2 Qg7 23. Qxg7+ Kxg7 24. Rae1 R8f7 25. Re8 Ra5 26. R1e2 d5 1/2-1/2

[Event "*** Titled Tuesday Blitz"]
[Site "Chess.com"]
[Date "2020.03.03"]
[Round "6"]
[White "VitaliyBernadskiy"]
[Black "MergenKakabaev"]
[Result "1-0"]
[WhiteElo "2797"]
[BlackElo "2495"]
[TimeControl "180+1"]
[EndTime "10:00:23 PST"]
[Termination "VitaliyBernadskiy won by resignation"]

1. d4 d5 2. Nf3 Nf6 3. c4 c6 4. Nc3 e6 5. g3 Nbd7 6. Bg2 dxc4 7. O-O b5 8. e4 Nb6 9. a4 b4 10. e5 Nfd5 11. Ne4 a5 12. Nfg5 h6 13. Qh5 Qc7 14.
Nd6+ Bxd6 15. exd6 Qd7 16. Ne4 Ba6 17. Re1 Rf8 18.
Nc5 Qa7 19. Nxe6 Kd7 20. Nxf8+ Rxf8 21. Bh3+ Kd8 22. Qg4 f5 23. Qh4+ Rf6 24. Bf4 g5 25. Bxg5 hxg5 26. Qh8+ Kd7 27. Qh7+ Kxd6 28. Qxa7 1-0

[Event "*** Titled Tuesday Blitz"]
[Site "Chess.com"]
[Date "2020.03.03"]
[Round "6"]
[White "Safar_From_Afar"]
[Black "Babas"]
[Result "0-1"]
[WhiteElo "2132"]
[BlackElo "2381"]
[TimeControl "180+1"]
[EndTime "10:00:34 PST"]
[Termination "Babas won by resignation"]

1. e4 e5 2. Nf3 Nf6 3. Nc3 Bb4 4. Bc4 O-O 5. d3 d6 6. h3 h6 7.
O-O c6 8. Ne2 d5 9. Bb3 Re8 10.
c3 Ba5 11. Ng3 Nbd7 12. Re1 Bc7 13. Nf5 Nf8 14. g4 dxe4 15. dxe4 Qxd1 16. Bxd1 Ng6 17. Bb3 Be6 18. g5 hxg5 19. Bxg5 Nxe4 20. Bxe6 fxe6 21. N5h4 Nxg5 22. Nxg5 Nxh4 23. Re4 Bd8 24. Rxh4 Bxg5 25. Re4 Bf4 0-1

[Event "*** Titled Tuesday Blitz"]
[Site "Chess.com"]
[Date "2020.03.03"]
[Round "6"]
[White "Keranke"]
[Black "chigorin28"]
[Result "0-1"]
[WhiteElo "2787"]
[BlackElo "2692"]
[TimeControl "180+1"]
[EndTime "10:00:46 PST"]
[Termination "chigorin28 won by resignation"]

1. d4 Nf6 2. c4 c5 3. d5 b5 4.
cxb5 a6 5. Nc3 axb5 6. e4 b4 7.
Nb5 d6 8. Bc4 Nbd7 9. Nf3 g6 10.
e5 dxe5 11. d6 exd6 12. Ng5 Qb6 13. Nxf7 d5 14. Bxd5 Qxb5 15. Nxh8 Bb7 16. Bf7+ Ke7 17. Qb3 Ba6 18. Qf3 e4 19. Qe3 Bh6 20. f4 Bxf4 21.
Qf2 Ng4 22. Qc2 Nge5 23. Bxf4 Nd3+ 24. Kd2 Rxh8 25. Raf1 Kxf7 26. Be5+ Kg8 27. Bxh8 Kxh8 28. a4 Qc6 29. Qd1 Qd5 30. Kc2 Kg7 31. Kb1 N7e5 32. Qd2 Nc4 33. Qe2 Ncxb2 34. Qc2 b3 35. Qc3+ Qd4 36. Qa5 Nc4 37. Qc7+ Kh6 0-1

[Event "*** Titled Tuesday Blitz"]
[Site "Chess.com"]
[Date "2020.03.03"]
[Round "6"]
[White "Komissarov_alex"]
[Black "DACF2905"]
[Result "0-1"]
[WhiteElo "1763"]
[BlackElo "2212"]
[TimeControl "180+1"]
[EndTime "10:00:48 PST"]
[Termination "DACF2905 won by checkmate"]

1. d4 Nf6 2. Nf3 e6 3. e3 b6 4.
Nbd2 Bb7 5. Bd3 Be7 6. O-O d5 7. Ne5 O-O 8. f4 c5 9. Qf3 Nbd7 10. g4 Nxe5 11. fxe5 Ne4 12. Nxe4 dxe4 13. Bxe4 Bxe4 14.
Qxe4 cxd4 15. exd4 f5 16. exf6 Bxf6 17. Qxe6+ Kh8 18.
c3 Bxd4+ 19. cxd4 Qxd4+ 20. Qe3 Qxg4+ 21. Qg3 Rxf1+ 22. Kxf1 Rf8+ 23. Kg1 Qd1+ 24. Kg2 Qf1# 0-1

[Event "*** Titled Tuesday Blitz"]
[Site "Chess.com"]
[Date "2020.03.03"]
[Round "6"]
[White "marcodobrikov"]
[Black "Arystanner"]
[Result "0-1"]
[WhiteElo "2565"]
[BlackElo "2739"]
[TimeControl "180+1"]
[EndTime "10:00:49 PST"]
[Termination "Arystanner won by checkmate"]

1. e4 c6 2. Nf3 d5 3. Nc3 dxe4 4. Nxe4 Nf6 5. Nxf6+ exf6 6. Bc4 Qe7+ 7. Be2 Qc7 8. O-O Bd6 9. d4 O-O 10. c4 Bg4 11. h3 Bh5 12. Be3 Nd7 13. Qd2 c5 14.
dxc5 Nxc5 15. Nd4 Bxe2 16. Qxe2 a6 17. b4 Ne6 18. c5 Bh2+ 19. Kh1 Nxd4 20. Bxd4 Rfe8 21.
Qc4 Rad8 22. Rad1 Re4 23. Rfe1 Rxe1+ 24. Rxe1 Be5 25. Be3 Qc6 26. Qc2 h6 27. a4 g5 28.
Rb1 Kg7 29. b5 axb5 30. axb5 Qd5 31. Rc1 h5 32. Qf5 Qd1+ 33. Rxd1 Rxd1# 0-1

[Event "*** Titled Tuesday Blitz"]
[Site "Chess.com"]
[Date "2020.03.03"]
[Round "6"]
[White "Boorchess"]
[Black "Endgamegenius"]
[Result "1-0"]
[WhiteElo "2520"]
[BlackElo "2300"]
[TimeControl "180+1"]
[EndTime "10:00:49 PST"]
[Termination "Boorchess won on time"]

1. c4 c5 2. Nf3 b6 3. Nc3 Bb7 4. e3 Nf6 5. d4 d6 6. d5 g6 7. e4 Bg7 8. h3 O-O 9. Bd3 a6 10. a4 Nbd7 11. g4 e6 12. O-O exd5 13. exd5 Re8 14.
Bf4 Ne5 15. Nxe5 1-0

[Event "*** Titled Tuesday Blitz"]
[Site "Chess.com"]
[Date "2020.03.03"]
[Round "6"]
[White "Leonid_Starozhilov"]
[Black "Astaneh"]
[Result "0-1"]
[WhiteElo "2705"]
[BlackElo "2594"]
[TimeControl "180+1"]
[EndTime "10:00:51 PST"]
[Termination "Astaneh won by resignation"]

1. e4 e5 2. Nf3 Nc6 3. Bb5 Nf6 4. d3 Bc5 5. Nbd2 d6 6. Nb3 Bb6 7. a4 a6 8. Bc4 h6 9. h3 Be6 10. a5 Ba7 11. Qe2 Qd7 12. Bxe6 fxe6 13. Be3 O-O-O 14.
Bxa7 Nxa7 15. d4 exd4 16. Nfxd4 Nc6 17. O-O Kb8 18. Rfe1 e5 19. Nf3 g5 20. Nbd2 g4 21.
hxg4 Qxg4 22. b4 Rdg8 23. g3 Nh5 24. Nf1 Nf4 25. Qe3 Qh3 0-1

[Event "*** Titled Tuesday Blitz"]
[Site "Chess.com"]
[Date "2020.03.03"]
[Round "6"]
[White "bascheyaro"]
[Black "suyu28"]
[Result "1-0"]
[WhiteElo "2747"]
[BlackElo "2569"]
[TimeControl "180+1"]
[EndTime "10:00:53 PST"]
[Termination "bascheyaro won by resignation"]

1. d4 Nf6 2. c4 e6 3. Nf3 d5 4.
Nc3 dxc4 5. Bg5 a6 6. g3 b5 7. Bg2 Bb7 8. O-O Nbd7 9. e3 h6 10. Bxf6 Nxf6 11. a4 b4 12. Ne2 c5 13. Rc1 Bd5 14. Ne5 cxd4 15. Qxd4 Bxg2 16. Kxg2 Qd5+ 17. Kg1 Bc5 18. Qxc4 Qxe5 19. Qxc5 Qxc5 20. Rxc5 O-O 21. Rfc1 Rfd8 22. Nd4 Ne4 23. Re5 Nd2 24. Kg2 Rac8 25. Rxc8 Rxc8 26. Ra5 Nc4 27. Rxa6 Nxb2 28. a5 e5 29. Nc6 Nd3 30. Rb6 Kf8 31. a6 Nc5 32. a7 Nd7 33. Rxb4 Rxc6 1-0

[Event "*** Titled Tuesday Blitz"]
[Site "Chess.com"]
[Date "2020.03.03"]
[Round "6"]
[White "artooon"]
[Black "vlad10898"]
[Result "1-0"]
[WhiteElo "2761"]
[BlackElo "2669"]
[TimeControl "180+1"]
[EndTime "10:00:55 PST"]
[Termination "artooon won by resignation"]

1. e4 c5 2. Nf3 d6 3. d4 cxd4 4. Nxd4 Nf6 5. Nc3 a6 6. Bg5 Nbd7 7. Bc4 Qb6 8. O-O Qc5 9. Bxf6 Nxf6 10. Bb3 e6 11. Kh1 Be7 12. f4 O-O 13. f5 e5 14.
Nf3 b5 15. Nd5 Ra7 16. Nxf6+ Bxf6 17. Bd5 Bb7 18. Bxb7 Rxb7 19. Qd3 Rd8 20. Rad1 d5 21. exd5 Rbd7 22. c3 Rxd5 23. Qe2 e4 24. Nd2 Re8 25. Nxe4 Rxd1 26. Nxf6+ 1-0

[Event "*** Titled Tuesday Blitz"]
[Site "Chess.com"]
[Date "2020.03.03"]
[Round "6"]
[White "Pultis"]
[Black "Sibelephant"]
[Result "0-1"]
[WhiteElo "2781"]
[BlackElo "3053"]
[TimeControl "180+1"]
[EndTime "10:00:57 PST"]
[Termination "Sibelephant won by resignation"]

1. d4 Nf6 2. c4 g6 3. Nc3 d5 4. cxd5 Nxd5 5. e4 Nxc3 6. bxc3 Bg7 7. Bc4 c5 8. Ne2 O-O 9. Be3 Nc6 10. O-O Bg4 11. f3 Bd7 12. Rb1 Rc8 13. Qd2 Qa5 14. Rxb7 cxd4 15. cxd4 Qxd2 16. Bxd2 Nxd4 17. Rxd7 Rxc4 18.
Nxd4 Rxd4 19. Rxd4 Bxd4+ 20. Kh1 Rb8 21. a4 Rb2 22. Rd1 Ra2 23. a5 e5 24. h3 f5 25. Kh2 Kf7 26. Bb4 Rb2 27. Be1 fxe4 28.
fxe4 Re2 29. Bg3 Rxe4 30. Rb1 h5 31. h4 Ke6 32. Rb7 Re2 33. Rg7 Kf6 34. Rf7+ Kxf7 0-1

[Event "*** Titled Tuesday Blitz"]
[Site "Chess.com"]
[Date "2020.03.03"]
[Round "6"]
[White "Haykoooo0o"]
[Black "mitrabhaa"]
[Result "0-1"]
[WhiteElo "2482"]
[BlackElo "2638"]
[TimeControl "180+1"]
[EndTime "10:00:59 PST"]
[Termination "mitrabhaa won by checkmate"]

1. d4 Nf6 2. c4 c5 3. d5 e6 4. Nc3 exd5 5. cxd5 d6 6. e4 g6 7. f4 Bg7 8. e5 Nfd7 9. Nb5 O-O 10. Nxd6 Nxe5 11.
fxe5 Bxe5 12. Ne4 Qh4+ 13. Nf2 Bd4 14. g3 Re8+ 15. Be2 Qf6 16. Nd3 Bf5 17. Bf4 Be4 18.
Qd2 Bxh1 19. O-O-O Bxd5 20. Nf3 Nc6 21. Nxd4 Nxd4 22.
Bf1 Bxa2 23. Qf2 Nb3+ 24. Kc2 c4 25. Nb4 Qf5+ 26. Kc3 Qf6+ 27. Kc2 Na1+ 28. Rxa1 Bb3+ 29. Kd2 Rad8+ 30. Nd3 Qxb2# 0-1

[Event "*** Titled Tuesday Blitz"]
[Site "Chess.com"]
[Date "2020.03.03"]
[Round "6"]
[White "Chessalary"]
[Black "Eliclax"]
[Result "1/2-1/2"]
[WhiteElo "2222"]
[BlackElo "1915"]
[TimeControl "180+1"]
[EndTime "10:01:09 PST"]
[Termination "Game drawn by agreement"]

1. e4 e5 2. Nf3 Nc6 3. Bc4 Bc5 4. c3 Nf6 5. d4 exd4 6. e5 d5 7. Bb5 Ne4 8. cxd4 Bb4+ 9. Bd2 Nxd2 10. Nbxd2 O-O 11. O-O Ne7 12. a3 Ba5 13. b4 Bb6 14. Bd3 Bg4 15. Qc2 Ng6 16. h3 Bxf3 17. Nxf3 c6 18.
e6 fxe6 19. Bxg6 hxg6 20. Qxg6 Qf6 21. Qxf6 Rxf6 22. Rfe1 Raf8 23. Re5 Rxf3 24. gxf3 Bxd4 25. Rae1 Bxe5 26. Rxe5 Rxf3 27. Rxe6 Rxh3 28. Re7 Rxa3 29. Rxb7 Ra6 30. Kf1 Kh7 31. b5 cxb5 32. Rxb5 Rd6 33.
Rb7 a6 34. Ke2 Kg6 35. Kd3 Kf6 36. Kd4 g6 37. Kc5 Ke5 38. f4+ Ke6 39. Rg7 Kf6 40.
Rb7 Rd8 41. Rb6+ Kf5 42. Rxa6 Kxf4 43. Rxg6 d4 44. Rf6+ Ke3 45. Re6+ Kd2 46. Kc4 Rc8+ 47. Kxd4 1/2-1/2

[Event "*** Titled Tuesday Blitz"]
[Site "Chess.com"]
[Date "2020.03.03"]
[Round "6"]
[White "mrkvoz"]
[Black "malandragem"]
[Result "1/2-1/2"]
[WhiteElo "2726"]
[BlackElo "2591"]
[TimeControl "180+1"]
[EndTime "10:01:10 PST"]
[Termination "Game drawn by agreement"]

1. e4 e5 2. Nf3 Nc6 3. d4 exd4 4. Nxd4 Bc5 5. Nxc6 Qf6 6. Qf3 dxc6 7. Nc3 Qxf3 8. gxf3 Be6 9. Be3 Bxe3 10. fxe3 O-O-O 11. Rg1 g6 12. h4 Nf6 13. Ne2 a5 14. Nf4 Rhe8 15.
a3 a4 16. Rd1 Rxd1+ 17. Kxd1 Kd7 18. h5 Rd8 19. Ke1 Ke7 20. hxg6 hxg6 21. Rh1 Bc8 22. e5 Nd7 23. e6 Ne5 24. exf7 Nxf3+ 25. Kf2 Ne5 26.
Bd3 Bf5 27. Rh7 Rf8 28. Bxf5 gxf5 29. Nd3 Nxd3+ 30. cxd3 Rxf7 31. Rh8 Kd6 32. Kf3 c5 33. Kf4 b5 34. Rd8+ Kc6 1/2-1/2

[Event "*** Titled Tuesday Blitz"]
[Site "Chess.com"]
[Date "2020.03.03"]
[Round "6"]
[White "kingofthenil"]
[Black "Kotofeyca"]
[Result "1-0"]
[WhiteElo "2573"]
[BlackElo "2366"]
[TimeControl "180+1"]
[EndTime "10:01:13 PST"]
[Termination "kingofthenil won by checkmate"]

1. e4 c5 2. d3 Nc6 3. g3 g6 4. Bg2 Bg7 5. f4 d6 6. Nf3 Bg4 7. O-O Nd4 8. c3 Nxf3+ 9. Bxf3 Bxf3 10. Qxf3 Nf6 11. e5 Nd7 12. exd6 exd6 13. Re1+ Kf8 14. Qxb7 Bf6 15. Nd2 Kg7 16. Ne4 Re8 17. Bd2 Rb8 18.
Qd5 Rxb2 19. Nxd6 Rxe1+ 20. Rxe1 Nb6 21. Qxf7+ Kh6 22. Re6 Rxd2 23. Nf5+ Kh5 24. Qxh7+ Kg4 25. Qxg6+ Kf3 26. Qh5# 1-0

[Event "*** Titled Tuesday Blitz"]
[Site "Chess.com"]
[Date "2020.03.03"]
[Round "6"]
[White "ZWISCHENZUGGED"]
[Black "NemtsevIgor"]
[Result "1-0"]
[WhiteElo "2545"]
[BlackElo "2350"]
[TimeControl "180+1"]
[EndTime "10:01:18 PST"]
[Termination "ZWISCHENZUGGED won by resignation"]

1. d4 c6 2. c4 d6 3. Nc3 h6 4. Nf3 g5 5. e4 Bg7 6. Be3 Nf6 7. h4 Ng4 8. hxg5 Nxe3 9. fxe3 hxg5 10. Rxh8+ Bxh8 11. Nxg5 e5 12. Qh5 Qf6 13. Nxf7 Qxf7 14.
Qxh8+ Qf8 15. Qh2 Bg4 16. dxe5 dxe5 17. Qxe5+ Qe7 18. Qh8+ Qf8 19. Qh4 Qg7 20. Be2 Bxe2 21. Nxe2 Nd7 22. O-O-O Ne5 23. Qh5+ Ke7 24. Nd4 Qg3 25.
Nf5+ 1-0

[Event "*** Titled Tuesday Blitz"]
[Site "Chess.com"]
[Date "2020.03.03"]
[Round "6"]
[White "FearNoEvil12"]
[Black "Resignify"]
[Result "1-0"]
[WhiteElo "1979"]
[BlackElo "2244"]
[TimeControl "180+1"]
[EndTime "10:01:18 PST"]
[Termination "FearNoEvil12 won on time"]

1. e4 d6 2. Nc3 Nf6 3. f4 c5 4. Nf3 Nc6 5. Bc4 e6 6. d3 d5 7.
Bb5 Be7 8. Qe2 O-O 9. Bxc6 bxc6 10. O-O Ba6 11. e5 Nd7 12. Bd2 c4 13. d4 c5 14.
Be3 cxd4 15. Nxd4 Nc5 16. Rae1 Qc7 17. Qg4 g6 18. Rf3 h5 19. Qg3 Kh7 20. f5 gxf5 21.
Qf4 h4 22. Qh6+ Kg8 23. Bf4 Rfc8 24. Ree3 Ne4 25. Nxe4 dxe4 26. Rg3+ hxg3 27. Rxg3+ 1-0

[Event "*** Titled Tuesday Blitz"]
[Site "Chess.com"]
[Date "2020.03.03"]
[Round "6"]
[White "ckgchess"]
[Black "AleksanderHnydiuk"]
[Result "1-0"]
[WhiteElo "2696"]
[BlackElo "2556"]
[TimeControl "180+1"]
[EndTime "10:01:23 PST"]
[Termination "ckgchess won by resignation"]

1. e4 Nf6 2. e5 Nd5 3. d4 d6 4.
c4 Nb6 5. f4 dxe5 6. fxe5 Nc6 7. Be3 Bf5 8. Nc3 e6 9. Nf3 Be7 10. Bd3 Bg4 11. h3 Bxf3 12. Qxf3 Nxd4 13. Qxb7 Nf3+ 14. Qxf3 Qxd3 15. Rd1 Qxc4 16. Bxb6 O-O 17. Bf2 Rad8 18. Rxd8 Rxd8 19. Qe2 Qf4 20. O-O Rd2 21. Qe3 Qxe3 22. Bxe3 Rxb2 23. Rb1 Rxb1+ 24. Nxb1 a6 25. Kf2 Kf8 26. Kf3 Ke8 27. Nc3 Kd7 28. Ke4 Kc6 29.
Kd3 Bh4 30. Kc4 Bg3 31. Bd4 Bf4 32. a4 Bg3 33. Ne4 Bf4 34. Nc5 a5 35. Nb3 1-0

[Event "*** Titled Tuesday Blitz"]
[Site "Chess.com"]
[Date "2020.03.03"]
[Round "6"]
[White "rasmussvane"]
[Black "Touching3200"]
[Result "0-1"]
[WhiteElo "2869"]
[BlackElo "2473"]
[TimeControl "180+1"]
[EndTime "10:01:27 PST"]
[Termination "Touching3200 won on time"]

1. Nf3 f5 2. d3 Nf6 3. e4 d6 4. exf5 Bxf5 5. d4 Qd7 6. Bd3 Nc6 7. Bg5 e5 8. dxe5 dxe5 9. Bxf5 Qxf5 10. Qe2 O-O-O 11.
Be3 Kb8 12. O-O Bd6 13. Nfd2 Qxc2 14. Nc3 Nd4 15. Qc4 b5 16. Qf7 Rd7 17. Qxd7 Nxd7 18. Rfc1 Qg6 19. Kh1 Nc2 20. Rab1 Nxe3 21. fxe3 Rf8 22. Nce4 Nc5 23. Nxc5 Rf2 24. Rg1 Bxc5 25. Nf1 Qxb1 0-1

[Event "*** Titled Tuesday Blitz"]
[Site "Chess.com"]
[Date "2020.03.03"]
[Round "6"]
[White "MishkaFighter"]
[Black "Berardino"]
[Result "1-0"]
[WhiteElo "2525"]
[BlackElo "2632"]
[TimeControl "180+1"]
[EndTime "10:01:29 PST"]
[Termination "MishkaFighter won by resignation"]

1. Nf3 c5 2. g3 b6 3. Bg2 Bb7 4. O-O e6 5. c4 Nc6 6. b3 Nf6 7. Bb2 Be7 8. e3 O-O 9. Qe2 d5 10. Rd1 dxc4 11. bxc4 Qc7 12. Nc3 a6 13. Rac1 Rad8 14.
d4 cxd4 15. exd4 Na5 16. Nb1 Rc8 17. Nbd2 Rfd8 18. Re1 Bb4 19. d5 Qe7 20. a3 Bxd2 21. Nxd2 Ne8 22. Bc3 Qxa3 23. dxe6 Bxg2 24. exf7+ Kxf7 25.
Qe6+ Kf8 26. Kxg2 Nc6 27. Re3 Qxc1 28. Rf3+ Nf6 29. Bxf6 gxf6 30. Rxf6+ Kg7 31. Rf7+ Kg8 32. Re7+ 1-0

[Event "*** Titled Tuesday Blitz"]
[Site "Chess.com"]
[Date "2020.03.03"]
[Round "6"]
[White "ChelsieMonica"]
[Black "Peroncio"]
[Result "0-1"]
[WhiteElo "2148"]
[BlackElo "2647"]
[TimeControl "180+1"]
[EndTime "10:01:31 PST"]
[Termination "Peroncio won on time"]

1. c4 c5 2. Nf3 Nc6 3. e3 Nf6 4. Be2 e6 5. O-O Be7 6. d4 cxd4 7.
exd4 d5 8. Nc3 O-O 9. h3 dxc4 10. Bxc4 a6 11. Bb3 Na5 12. Bc2 b5 13. Qe2 Bb7 14. Rd1 Rc8 15. a3 Nc4 16. Ne5 Nb6 17. Bg5 Nbd5 18.
Nxd5 Nxd5 19. Bxe7 Qxe7 20. Rac1 Qg5 21. Qg4 Qxg4 22.
hxg4 Nf4 23. Rd2 Bxg2 24. Re1 Bd5 25. Be4 Rfd8 26. Bxd5 Rxd5 0-1

[Event "*** Titled Tuesday Blitz"]
[Site "Chess.com"]
[Date "2020.03.03"]
[Round "6"]
[White "SubrotaBiswas"]
[Black "DonPreuss"]
[Result "1-0"]
[WhiteElo "2466"]
[BlackElo "2169"]
[TimeControl "180+1"]
[EndTime "10:01:35 PST"]
[Termination "SubrotaBiswas won by checkmate"]

1. e4 e5 2. Nf3 d5 3. Nxe5 Bd6 4. d4 dxe4 5. Nc4 Ne7 6. Nc3 f5 7. Nxd6+ cxd6 8. Qh5+ Ng6 9. Bb5+ Bd7 10. Qxf5 Bxb5 11.
Qxb5+ Qd7 12. Nxe4 O-O 13. Qxd7 Nxd7 14. Nxd6 Nf4 15.
O-O Ne2+ 16. Kh1 Nxd4 17. c3 Ne6 18. Nxb7 Rf6 19. Be3 Ne5 20. Nc5 Nxc5 21. Bxc5 Nd3 22. Bd4 Re6 23. b3 Re2 24. Rad1 Nb2 25. Rde1 Rc2 26. Re7 a5 27. Rxg7+ Kf8 28. Rxh7 Ra6 29. f4 a4 30. f5 a3 31. f6 Nd3 32. f7 Nf2+ 33.
Bxf2 Rf6 34. Bc5+ Rd6 35. Bxd6# 1-0

[Event "*** Titled Tuesday Blitz"]
[Site "Chess.com"]
[Date "2020.03.03"]
[Round "6"]
[White "FairChess_on_YouTube"]
[Black "albi1999"]
[Result "1-0"]
[WhiteElo "3041"]
[BlackElo "2597"]
[TimeControl "180+1"]
[EndTime "10:01:37 PST"]
[Termination "FairChess_on_YouTube won by resignation"]

1. e4 e5 2. Nf3 Nc6 3. Bb5 a6 4. Ba4 d6 5. c3 Bd7 6. d4 g6 7. O-O Bg7 8. Re1 Nf6 9. Nbd2 O-O 10. h3 b5 11. Bc2 h6 12. Nf1 Nh5 13. Be3 Qe7 14.
Qd2 Kh7 15. a4 b4 16. cxb4 Rab8 17. b5 axb5 18. d5 Nd8 19. a5 Nb7 20. b4 Nf4 21. a6 Nd8 22. a7 Ra8 23. Ra6 c6 24.
Bxf4 exf4 25. Qxf4 Bc8 26. Ra5 Qc7 27. Ne3 Rxa7 28.
Rxa7 Qxa7 29. Qxd6 cxd5 30. exd5 Re8 31. h4 Nb7 32.
Qc7 Qa2 33. Qxf7 1-0

[Event "*** Titled Tuesday Blitz"]
[Site "Chess.com"]
[Date "2020.03.03"]
[Round "6"]
[White "BeanScreen"]
[Black "Danfii"]
[Result "1-0"]
[WhiteElo "2638"]
[BlackElo "2393"]
[TimeControl "180+1"]
[EndTime "10:01:41 PST"]
[Termination "BeanScreen won by resignation"]

1. e4 e5 2. Nf3 Nc6 3. Bc4 Bc5 4. c3 Nf6 5. d3 d6 6. Nbd2 a6 7. Bb3 h6 8. Nf1 O-O 9. Ng3 Be6 10. Bxe6 fxe6 11.
O-O d5 12. Qb3 Qd7 13. Bd2 Bb6 14. Rad1 Rae8 15. Rfe1 Qf7 16. Be3 d4 17. cxd4 exd4 18. Bd2 Ng4 19. Rf1 Qg6 20. Rc1 Rxf3 21. gxf3 Nge5 22.
Kg2 h5 23. h4 Rf8 24. f4 Ng4 25. f5 Qh7 26. Qxe6+ Kh8 27. Qg6 Qxg6 28. fxg6 Nce5 29. Bb4 Rf6 30. Bc5 Nxd3 31. Bxb6 Nxc1 32. Bxd4 Rb6 33. Bxb6 cxb6 34. Rxc1 1-0

[Event "*** Titled Tuesday Blitz"]
[Site "Chess.com"]
[Date "2020.03.03"]
[Round "6"]
[White "riconaipe"]
[Black "GMKrikor"]
[Result "1-0"]
[WhiteElo "2592"]
[BlackElo "2817"]
[TimeControl "180+1"]
[EndTime "10:01:43 PST"]
[Termination "riconaipe won by resignation"]

1. d4 Nf6 2. c4 e6 3. Nc3 d5 4. cxd5 exd5 5. Bg5 Be6 6. e3 Nbd7 7. Bd3 Bd6 8. Nge2 O-O 9. Nf4 h6 10. Nxe6 fxe6 11.
Bh4 c6 12. O-O e5 13. Bf5 Qe7 14. e4 exd4 15. Qxd4 Be5 16. Qd2 Bxc3 17. Qxc3 dxe4 18.
Qb3+ Kh8 19. Qxb7 Rab8 20. Qxa7 Qf7 21. Rad1 Ne5 22. Qxf7 Rxf7 23. b3 Nd5 24. Be6 Nc3 25. Bxf7 Nxd1 26. Bg3 Nxf7 27. Bxb8 Nc3 28. a4 Kg8 29. a5 1-0

[Event "*** Titled Tuesday Blitz"]
[Site "Chess.com"]
[Date "2020.03.03"]
[Round "6"]
[White "ShahMatKanal"]
[Black "NguyenHlb"]
[Result "1-0"]
[WhiteElo "2505"]
[BlackElo "2293"]
[TimeControl "180+1"]
[EndTime "10:01:43 PST"]
[Termination "ShahMatKanal won by resignation"]

1. d4 e6 2. c4 f5 3. g4 g6 4. gxf5 exf5 5. Nc3 Nf6 6. Bg2 Bg7 7. Bg5 O-O 8. Nf3 h6 9. Bf4 d5 10. Ne5 g5 11. Bd2 dxc4 12. e3 c6 13. Nxc4 Be6 14. Ne5 Nbd7 15. Ng6 Re8 16. h4 g4 17. Nf4 Bf7 18.
Qc2 c5 19. d5 Qc7 20. Qxf5 Re5 21. Qc2 Nb6 22. O-O-O Nbxd5 23. Ncxd5 Nxd5 24. Nxd5 Bxd5 25. Bxd5+ Rxd5 26. Bc3 Rxd1+ 27. Rxd1 Qf7 28. Qa4 b6 29. Rd7 Bxc3 30. Rxf7 Bxb2+ 31. Kxb2 Kxf7 32. Qd7+ 1-0

[Event "*** Titled Tuesday Blitz"]
[Site "Chess.com"]
[Date "2020.03.03"]
[Round "6"]
[White "Rish_97"]
[Black "Sashadav97"]
[Result "1-0"]
[WhiteElo "2759"]
[BlackElo "2569"]
[TimeControl "180+1"]
[EndTime "10:01:44 PST"]
[Termination "Rish_97 won by resignation"]

1. Nf3 Nf6 2. c4 b6 3. d4 Bb7 4. g3 g6 5. Bg2 Bg7 6. O-O O-O 7. Qc2 c5 8. d5 b5 9. e4 bxc4 10. Rd1 d6 11. Na3 Nbd7 12. Nxc4 Ng4 13. Bd2 Ba6 14.
Rab1 Rb8 15. b3 Bxc4 16. bxc4 Qc7 17. h3 Nge5 18. Ne1 Nb6 19. Bf1 e6 20. a4 exd5 21. cxd5 c4 22. a5 Nbd7 23. f4 Qc5+ 24. Kg2 Nd3 25.
Nxd3 cxd3 26. Bxd3 Qa3 27. Bb5 Nc5 28. Bb4 Qe3 29.
Bxc5 dxc5 30. Rb3 Rxb5 31. Rxe3 Rb2 32. Qxb2 Bxb2 1-0

[Event "*** Titled Tuesday Blitz"]
[Site "Chess.com"]
[Date "2020.03.03"]
[Round "6"]
[White "earling8018"]
[Black "saisree"]
[Result "0-1"]
[WhiteElo "2014"]
[BlackElo "2292"]
[TimeControl "180+1"]
[EndTime "10:01:46 PST"]
[Termination "saisree won on time"]

1. d4 d5 2. c4 c6 3. cxd5 cxd5 4.
Nc3 Nc6 5. Bf4 Nf6 6. e3 e6 7. Nf3 a6 8. Bd3 Bd6 9. O-O O-O 10. Qe2 b5 11. Bxd6 Qxd6 12. Rfc1 Bb7 13. Nd2 Na5 14.
f3 e5 15. dxe5 Qxe5 16. f4 Qd6 17. Nf3 Rfe8 18. Ne5 Nc6 19. Nxc6 Bxc6 20. Qf2 Rad8 21. h3 d4 22. exd4 Qxd4 23. Qxd4 Rxd4 24. Bf1 Bb7 25. Rd1 Rxf4 26. Rd6 h6 27. Rb6 Bc8 28. a4 Rb4 29.
axb5 Rxb2 0-1